 Dungeon Crawl Stone Soup version 0.28-a0-1447-ga5a8893891 (webtiles) character file.

Game seed: 18103437479594984242

168 hashsling the Conjurer (level 5, 0/28 HPs)
             Began as a Tengu Conjurer on Jan 11, 2022.
             Was an Initiate of Sif Muna.
             Slain by Edmund (3 damage)
             ... on level 4 of the Dungeon.
             The game lasted 00:09:21 (3899 turns).

hashsling the Conjurer (Tengu Conjurer)             Turns: 3899, Time: 00:09:22

Health: 0/28       AC:  2    Str:  7    XL:     5   Next: 49%
Magic:  0/10       EV: 14    Int: 20    God:    Sif Muna [......]
Gold:   150        SH:  0    Dex: 13    Spells: 4/10 levels left

rFire   + . .      SeeInvis .   b - +2 dagger (elec)
rCold   + . .      Faith    .   (no shield)
rNeg    . . .      Spirit   .   a - +0 robe
rPois   .          Reflect  .   (helmet restricted)
rElec   .          Harm     .   j - scarf {rC+ rF+}
rCorr   .          Rampage  .   (no gloves)
Will    .....                   (boots unavailable)
Stlth   ++........              (no amulet)
HPRegen 0.09/turn               (no ring)
MPRegen 0.12/turn               (no ring)

@: flying quickly and evasively, quick
A: beak, talons 3, nimble flight
a: Renounce Religion


You were on level 4 of the Dungeon.
You worshipped Sif Muna.
Sif Muna was noncommittal.
You visited 2 branches of the dungeon, and saw 5 of its levels.

You collected 150 gold pieces.

Inventory:

Hand Weapons
 b - a +2 dagger of electrocution (weapon)
Armour
 a - a +0 robe (worn)
 j - a scarf of resistance (worn)
Jewellery
 e - an amulet of faith
Wands
 q - a wand of flame (20)
Scrolls
 f - 2 scrolls of noise
 g - 2 scrolls of teleportation
 h - a scroll of fog {unknown}
 i - a scroll of brand weapon {unknown}
 l - a scroll of identify
 n - a scroll of magic mapping {unknown}
 p - a scroll of acquirement {unknown}
Potions
 c - a potion of might {unknown}
 d - a potion of attraction {unknown}
 k - a potion of magic {unknown}
 m - a potion of haste {unknown}
 o - 2 potions of curing {unknown}


   Skills:
 - Level 2.1 Dodging
 - Level 2.0 Stealth
 + Level 3.3 Spellcasting
 * Level 7.7 Conjurations


You had 4 spell levels left.
You knew the following spells:

 Your Spells              Type           Power      Damage    Failure   Level
a - Magic Dart            Conj           100%       1d8       1%          1
b - Searing Ray           Conj           68%        2d6       1%          2
c - Dazzling Flash        Conj/Hex       36%        N/A       9%          3

Your spell library contained the following spells:

 Spells                   Type           Power      Damage    Failure   Level
 Static Discharge         Conj/Air       18%        N/A       4%          2
 Stone Arrow              Conj/Erth      36%        3d9       9%          3
 Blink                    Tloc           6%         N/A       22%         2
 Fulminant Prism          Conj/Hex       9%         3d7       28%         4
 Iskenderun's Mystic Bla  Conj/Tloc      18%        2d6       28%         4
 Sticky Flame             Conj/Fire      18%        2d4       28%         4
 Lesser Beckoning         Tloc           3%         N/A       38%         3
 Animate Armour           Summ/Erth      6%         N/A       80%         4
 Dispel Undead            Necr           3%         3d7       80%         4
 Manifold Assault         Tloc           3%         N/A       98%         5
 Lehudib's Crystal Spear  Conj/Erth      9%         10d4      100%        8


Dungeon Overview and Level Annotations

Branches:
Dungeon (4/15)             Temple (1/1) D:4

Altars:
Ashenzari
Cheibriados
Dithmenos
Elyvilon
Fedhas
Gozag
Kikubaaqudgha
Makhleb
Okawaru
Qazlal
Ru
Sif Muna
Trog
Uskayaw
Vehumet
Xom
Yredelemnul
Zin

Annotations:
D:4 2 transporters, Edmund; ytrimaz's ghost, amateur OpTm


Innate Abilities, Weirdness & Mutations

You have a beak for a mouth.
You have claws for feet.
Your magical nature lets you fly swiftly and evasively.


Message History

Okay, then.
The magic dart hits Edmund but does no damage.
The magic dart hits Edmund.
Edmund is lightly wounded.
The magic dart hits Edmund but does no damage.
Edmund is lightly wounded.
The magic dart hits Edmund.
Edmund is lightly wounded.
Casting: Magic Dart (safe; 1% risk of failure)
Confirm with . or Enter, or press ? or * to list all spells.
Aiming: Searing Ray (safe; 1% risk of failure)
Press: ? - help, Shift-Dir - straight line, f/p - Edmund
Aim: Edmund, wielding a +2 flail of protection and wearing a +0 leather armour (lightly wounded, 81% to hit)
The searing ray hits Edmund!
Edmund is heavily wounded. (Press . to maintain the ray.)
The searing ray hits Edmund.
Edmund is heavily wounded.
The searing ray hits Edmund!
Edmund is severely wounded.
Edmund hits you with a +2 flail of protection!
The searing ray hits Edmund.
Edmund is almost dead.
You finish channelling your searing ray.
Edmund hits you with a +2 flail of protection.
Edmund hits you with a +2 flail of protection.
Aiming: Magic Dart (safe; 1% risk of failure)
Press: ? - help, Q - select action, (/) - cycle Shift-Dir - straight line, f/p - Edmund
Aim: Edmund, wielding a +2 flail of protection and wearing a +0 leather armour (almost dead, 100% to hit)
The magic dart hits Edmund but does no damage.
Edmund is almost dead.
Edmund hits you with a +2 flail of protection!
* * * LOW HITPOINT WARNING * * *
Aiming: Magic Dart (safe; 1% risk of failure)
Press: ? - help, Q - select action, (/) - cycle Shift-Dir - straight line, f/p - Edmund
Aim: Edmund, wielding a +2 flail of protection and wearing a +0 leather armour (almost dead, 100% to hit)
The magic dart hits Edmund.
Edmund is almost dead.
Edmund hits you with a +2 flail of protection.
You die...

.......####...#
####..##....
#........... .#
..... .##
.......##.# #.......
.#...(.##.####
#.#>......
.#....=......# #.
##.....
.#.....##.##.## #.
.#.##
.#........#.#.## ##
##..
...........###.#####
##.########.#..@@..#
#.# ##.#####.# #.#
#.# #.# #.# #@#
##.###### #.### ...
#.......# #...# ...
##.####.# ###.#
..... ### #.# ## #.#
..... #.# .#####
#.....# #####.#


You could see Edmund.

Vanquished Creatures
  An iguana (D:4)
  3 gnolls (D:3)
  4 adders
  2 dart slugs
  6 orcs (D:3)
  12 ball pythons
  6 endoplasms
  3 goblins
  10 hobgoblins
  5 jackals (D:3)
  A quokka (D:3)
  2 bats
  3 frilled lizards
  7 kobolds
  3 rats
68 creatures vanquished.

Notes
Turn   | Place    | Note
-------+----------+-------------------------------------------
     0 | D:1      | hashsling the Tengu Conjurer began the quest for the Orb.
     0 | D:1      | Reached XP level 1. HP: 10/10 MP: 4/4
   160 | D:1      | Reached XP level 2. HP: 15/15 MP: 3/6
   442 | D:1      | Reached skill level 6 in Conjurations
  1010 | D:2      | Reached XP level 3. HP: 19/19 MP: 3/7
  1297 | D:2      | You fall into a shaft and drop 1 floor!
  1336 | D:2      | Learned a level 2 spell: Searing Ray
  1687 | D:3      | Found a faded altar of an unknown god.
  1698 | D:3      | Reached XP level 4. HP: 24/24 MP: 6/9
  1925 | D:3      | Reached skill level 7 in Conjurations
  2699 | D:3      | Gained mutation: Your magical nature lets you fly swiftly
                  | and evasively. [Tengu growth]
  2699 | D:3      | Reached XP level 5. HP: 7/28 MP: 1/10
  3201 | D:3      | Learned a level 3 spell: Dazzling Flash
  3222 | D:4      | Found a transporter.
  3223 | D:4      | Noticed an ogre
  3223 | D:4      | Noticed ytrimaz's ghost (amateur OpTm)
  3224 | D:4      | Found a transporter.
  3224 | D:4      | Noticed an ogre
  3359 | D:4      | Found a staircase to the Ecumenical Temple.
  3368 | Temple   | Entered the Ecumenical Temple
  3497 | Temple   | Became a worshipper of Sif Muna the Loreminder
  3637 | D:4      | Found an ancient bone altar of Kikubaaqudgha.
  3884 | D:4      | Noticed Edmund
  3899 | D:4      | Slain by Edmund

Illustrated notes

Levels and vault maps discovered:
D:1:      roderic_crop_circles_arrival_small, layout_loops_ring
D:2:      layout_basic
D:3:      layout_basic, dreamdust_ecumenical_altar_statues
D:4:      layout_loops_cross, kiku_gazebo_garden_becter,
          minmay_temple_entry_grid, gammafunk_ghost_smash,
          chequers_serial_rivers_small_3, uniq_edmund
Temple:   minmay_crystal_spiral_temple

Skill      XL: |  1  2  3  4 |
---------------+-------------+-----
Conjurations   | 6 7 |  7.7
Spellcasting   | 3 |  3.3
Dodging        | |  2.1
Stealth        | |  2.0

Action                   |  1- 3 |  4- 6 || total
-------------------------+-------+-------++-------
Melee: Dagger            |     8 |     3 ||    11
       Peck              |     1 |       ||     1
 Cast: Magic Dart        |    61 |    69 ||   130
       Searing Ray       |       |     1 ||     1
  Use: Scroll            |       |     3 ||     3
Armor: Robe              |     2 |     1 ||     3
Dodge: Dodged            |    13 |     8 ||    21

Table legend: (Time is in decaauts)
 A = Elapsed time spent in this place.
 B = Non-inter-level travel time spent in this place.
 C = Inter-level travel time spent in this place.
 D = Time resting spent in this place.
 E = Time spent auto-exploring this place.
 F = Levels seen in this place.
 G = Mean time per level.
                   A        B        C        D        E       F      G
               +--------+--------+--------+--------+--------+-----+--------+
         Total |   3821 |   3697 |    124 |      0 |   3295 |   5 |  764.2 |
       Dungeon |   3627 |   3580 |     47 |      0 |   3196 |   4 |  906.8 |
        Temple |    193 |    117 |     76 |      0 |     99 |   1 |  193.0 |
               +--------+--------+--------+--------+--------+-----+--------+

Top non-repeatable levels by time:
     D:3: 1550 daAuts
     D:1: 952 daAuts
     D:2: 700 daAuts
     D:4: 424 daAuts
  Temple: 193 daAuts
